Map: Efflorescence LE

Players

OpuS

  • Race: Protoss Protoss
  • League: Platinum
  • Spawn Location: 12:00

Sketchaphone

  • Race: Zerg Zerg
  • League: Platinum
  • Spawn Location: 3:00

NotMaru

  • Race: Terran Terran
  • League: Platinum
  • Spawn Location: 9:00

ScubaSteve

  • Race: Terran Terran
  • League: Diamond
  • Spawn Location: 6:00

VOD

Have the link to the VOD?

Description

Time

  • Played on: Feb. 11, 2019, 9:16 p.m.
  • Length: 22:13
Show
View Real Time Build Order
Export as new Build Order

OpuS Protoss 

Build Orders: Chargelot Immortal 

Get SALT Encoding   

  12  0:02  Probe  
  13  0:14  Probe  
  13  0:19  Pylon  
  14  0:26  Probe  
  15  0:38  Probe  
  15  0:40  Gateway  
  16  0:47  Probe  
  16  0:48  Assimilator  
  16  0:56  Probe  
  18  1:04  Probe  
  19  1:13  Probe  
  20  1:21  Probe  
  20  1:29  Cybernetics Core  
  21  1:52  Nexus  
  21  1:58  Stalker, Pylon  
  21  2:06  Assimilator  
  23  2:15  Probe  
  23  2:27  Probe  
  24  2:33  Warp Gate  
  24  2:35  Stalker  
  26  2:40  Gateway  
  26  2:45  Probe  
  26  2:51  Gateway  
  27  2:57  Probe  
  28  3:04  Robotics Facility  
  28  3:12  Stalker  
  30  3:15  Probe x2  
  31  3:27  Gateway  
  31  3:30  Probe  
  31  3:32  Probe  
  33  3:39  Pylon  
  33  3:52  Observer  
  34  3:57  Twilight Council  
  34  4:00  Probe x2  
  36  4:13  Pylon  
  36  4:25  Stalker x2, Forge  
  36  4:27  Stalker  
  42  4:33  Stalker  
  42  4:35  Probe  
  42  4:37  Probe  
  46  4:42  Charge  
  47  4:52  Probe  
  47  4:53  Probe  
  47  4:54  Sentry  
  47  4:56  Zealot  
  47  4:59  Zealot  
  54  5:04  Zealot  
  56  5:16  Immortal  
  60  5:22  Pylon, Probe  
  60  5:23  Probe  
  62  5:33  Pylon  
  62  5:37  Protoss Ground Weapons Level 1  
  62  5:40  Stalker, Probe x2  
  62  5:41  Stalker  
  68  5:52  Probe x2  
  70  5:59  Zealot x2  
  74  6:04  Probe x2  
  74  6:07  Observer  
  76  6:15  Pylon  
  76  6:16  Probe x2  
  76  6:18  Gateway  
  78  6:20  Gateway  
  74  6:32  Blink  
  74  6:35  Zealot  
  74  6:36  Zealot x3  
  74  6:38  Probe x2  
  84  6:46  Assimilator  
  84  6:49  Pylon  
  84  6:50  Pylon  
  84  6:51  Assimilator  
  84  7:07  Immortal  
  88  7:11  Gateway  
  88  7:12  Gateway  
  88  7:15  Pylon  
  89  7:22  Probe  
  89  7:24  Zealot  
  89  7:25  Zealot x3  
  97  7:36  Protoss Ground Weapons Level 2, Robotics Bay  
  97  7:50  Pylon  
  97  7:54  Robotics Facility  
  96  8:16  Sentry x2  
  96  8:17  Sentry, Zealot  
  96  8:18  Zealot x4  
  112  8:30  Immortal  
  116  8:54  Nexus, Pylon  
  116  8:56  Pylon x2  
  116  9:00  Pylon  
  116  9:12  Immortal  
  120  9:18  Sentry x2  
  120  9:19  Adept  
  120  9:20  Adept x3  
  120  9:22  Adept  
  128  9:47  Observer  
  128  9:51  Observer  
  128  10:06  Probe  
  129  10:07  Colossus  
  129  10:12  Colossus  
  141  10:18  Zealot x2, Probe  
  141  10:19  Zealot x5  
  156  10:26  Probe x2  
  158  10:30  Probe  
  132  10:46  Zealot x4  
  132  10:47  Zealot x2  
  142  10:56  Stalker x2  
  136  11:06  Colossus  
  131  11:12  Zealot  
  131  11:13  Zealot x3  
  136  11:21  Probe x3  
  132  11:30  Zealot  
  128  11:37  Templar Archives  
  85  12:11  Zealot  
  85  12:12  Zealot x4  
  95  12:45  Probe  
  95  12:46  Probe x2  
  95  12:48  Assimilator  
  97  12:52  Zealot x4, Assimilator  
  102  13:27  Probe  
  102  13:28  Probe x2  
  102  13:33  High Templar x3  
  111  13:34  High Templar  
  111  13:35  High Templar  
  111  13:37  Zealot  
  111  13:40  Archon x2  
  115  13:48  Probe x2  
  115  13:49  Probe  
  118  14:00  Probe x2  
  42  14:26  Immortal x2  
  42  14:29  Probe x2  
  42  14:30  Probe  
  53  14:41  Probe  
  54  14:46  Pylon  
  54  15:04  Robotics Facility  
  54  15:06  Robotics Facility  
  53  15:08  Forge  
  53  15:17  Immortal  
  57  15:22  Probe x3  
  60  15:31  Immortal  
  64  15:43  Probe x2  
  66  15:53  Immortal  
  66  15:55  Stalker  
  72  15:59  Stalker  
  74  16:16  Immortal  
  78  16:18  Stalker  
  80  16:28  Probe x2  
  80  16:29  Probe  
  83  16:36  Immortal  
  87  16:56  Nexus  
  69  17:19  Immortal x2  
  69  17:20  Immortal  
  81  17:30  Protoss Ground Armor Level 1  
  81  17:33  Immortal  
  85  17:42  Twilight Council  
  85  17:53  Pylon  
  85  18:00  Stalker x2  
  85  18:05  Stalker  
  85  18:09  Probe x2  
  85  18:10  Probe  
  90  18:13  Probe  
  91  18:22  Stalker  
  93  18:31  Stalker x2  
  63  18:57  Robotics Bay  
  62  19:45  Disruptor x4  
  62  19:46  Nexus  
  62  19:50  Robotics Facility  
  74  19:58  Robotics Facility  
  74  20:12  Disruptor x4  
  77  20:24  Pylon  
  77  20:27  Pylon  
  86  20:33  Disruptor  
  86  20:36  Disruptor  
  92  20:52  Probe x3  
  95  20:57  Pylon  
  95  21:01  Disruptor  
  98  21:04  Probe x3  
  101  21:16  Probe  
  102  21:21  Disruptor  
  105  21:31  Probe x2  
  105  21:32  Probe  
  96  21:34  Disruptor  
  95  21:43  Probe x2  
  95  21:44  Probe  
  98  21:55  Probe  
Show
View Real Time Build Order
Export as new Build Order

Sketchaphone Zerg 

Build Orders: Hatch First, Swarm Host 

Get SALT Encoding   

  12  0:01  Drone  
  13  0:13  Overlord  
  13  0:18  Drone  
  14  0:25  Drone, Extractor  
  15  0:44  Drone  
  15  0:46  Drone  
  17  0:58  Hatchery  
  17  1:02  Drone  
  17  1:05  Drone  
  17  1:06  Extractor  
  17  1:21  Spawning Pool  
  17  1:23  Drone  
  17  1:25  Drone  
  18  1:29  Drone  
  19  1:39  Drone  
  20  1:49  Overlord  
  20  2:08  Queen  
  22  2:12  Zergling x2  
  22  2:15  Overlord  
  23  2:17  Queen  
  23  2:20  Drone  
  23  2:21  Drone  
  27  2:23  Metabolic Boost  
  27  2:36  Zergling x2  
  28  2:39  Drone x2  
  29  2:56  Drone x3  
  29  2:57  Drone  
  33  3:00  Pneumatized Carapace  
  33  3:03  Queen  
  35  3:14  Zergling x2  
  35  3:18  Zergling x2  
  35  3:19  Drone x2  
  39  3:46  Spine Crawler  
  39  3:48  Spine Crawler  
  37  3:49  Drone x3  
  37  3:53  Zergling x4  
  37  3:54  Zergling x2  
  42  4:08  Drone x2  
  42  4:09  Drone x3  
  43  4:11  Overlord  
  43  4:24  Hatchery  
  42  4:56  Overlord  
  42  5:08  Drone  
  42  5:09  Overlord x2  
  42  5:10  Overlord  
  42  5:13  Queen  
  45  5:15  Spore Crawler  
  45  5:18  Drone x7  
  45  5:19  Spore Crawler, Drone  
  51  5:28  Queen  
  53  5:44  Drone x2  
  55  5:50  Drone x11  
  55  5:53  Extractor  
  55  5:56  Evolution Chamber  
  64  5:58  Evolution Chamber  
  56  6:08  Zergling x6  
  58  6:16  Drone x3  
  61  6:19  Zergling x2  
  61  6:24  Drone x4  
  66  6:32  Drone  
  69  6:33  Drone x2  
  69  6:37  Drone  
  69  6:39  Overlord  
  72  6:43  Queen  
  72  6:45  Lair  
  72  6:53  Zerg Ground Armor Level 1  
  72  6:57  Evolution Chamber, Drone x3  
  72  6:58  Drone x3  
  77  7:09  Queen, Extractor x2  
  77  7:12  Zergling x4  
  77  7:14  Drone x2  
  77  7:15  Spine Crawler  
  80  7:16  Overlord  
  80  7:24  Zerg Melee Weapons Level 1  
  79  7:33  Queen  
  81  7:40  Hatchery  
  80  7:45  Zergling x10  
  80  7:46  Zergling x8  
  80  7:49  Overlord  
  89  8:06  Zergling x2  
  89  8:07  Queen  
  90  8:20  Spine Crawler  
  90  8:21  Spine Crawler  
  90  8:25  Spine Crawler  
  86  8:35  Overlord x2  
  86  8:41  Infestation Pit  
  86  8:44  Baneling Nest  
  86  8:46  Drone x3  
  87  8:48  Zerg Ground Armor Level 2  
  87  8:49  Roach Warren  
  87  8:54  Overlord  
  86  8:57  Overseer  
  86  8:58  Overlord  
  86  8:59  Overlord  
  86  9:00  Hatchery, Drone x5  
  86  9:01  Drone x8, Extractor  
  97  9:03  Extractor  
  82  9:20  Zergling x22  
  93  9:35  Zerg Melee Weapons Level 2  
  93  9:36  Centrifical Hooks  
  93  9:37  Zergling x12  
  99  9:43  Zergling x4, Hatchery  
  100  9:57  Zergling x10  
  100  9:59  Baneling x2  
  105  10:00  Baneling x2  
  105  10:06  Zergling x12  
  111  10:25  Zergling x2  
  112  10:29  Baneling x6  
  112  10:30  Overlord x3  
  111  10:38  Overlord  
  111  10:48  Zergling x22  
  122  10:57  Zergling x6  
  125  11:01  Zergling x4  
  112  11:19  Zergling x12  
  118  11:37  Spire  
  115  11:40  Hive  
  115  11:41  Pathogen Glands  
  115  11:43  Zergling x6  
  115  11:44  Zergling x30  
  115  11:45  Overlord  
  131  11:58  Hatchery  
  131  11:59  Zergling x8  
  131  12:00  Zergling x2  
  131  12:01  Baneling x14  
  135  12:06  Hatchery  
  134  12:14  Zergling x20  
  117  12:39  Zergling x20  
  126  12:52  Zergling x8  
  130  13:04  Baneling x6  
  130  13:07  Zerg Ground Armor Level 3  
  130  13:08  Zerg Melee Weapons Level 3  
  130  13:09  Adrenal Glands  
  122  13:14  Corruptor  
  122  13:15  Corruptor x7  
  122  13:17  Greater Spire  
  122  13:18  Drone  
  132  13:23  Drone x3  
  110  13:58  Corruptor  
  110  13:59  Corruptor x6  
  124  14:07  Glial Reconstitution  
  124  14:11  Ultralisk Cavern, Drone x6  
  129  14:21  Zergling x16  
  137  14:37  Swarm Host x4  
  137  14:38  Swarm Host  
  152  14:40  Burrow  
  152  14:45  Drone x2  
  149  15:10  Swarm Host x3  
  149  15:11  Swarm Host  
  161  15:37  Zergling x6  
  161  15:38  Overlord x3  
  161  15:41  Chitinous Plating  
  164  15:44  Zerg Missile Weapons Level 1  
  159  16:11  Zergling x2, Ultralisk  
  165  16:12  Overlord x2  
  141  16:54  Zergling x28  
  141  16:55  Zergling x16  
  163  17:05  Drone  
  131  17:24  Ultralisk x5  
  131  17:25  Zergling x2, Ultralisk  
  149  17:57  Zergling x16  
  149  17:58  Zergling x18  
  166  18:08  Overlord x3  
  166  18:09  Overlord x2  
  166  18:37  Brood Lord x2, Hatchery  
  169  18:41  Zergling x2  
  169  18:42  Zergling x28  
  160  18:57  Zergling x10  
  123  19:19  Zergling x20  
  131  19:25  Zergling x8  
  131  19:26  Zergling x2  
  117  19:42  Zergling x10  
  122  19:47  Queen  
  122  19:49  Overlord x2  
  124  20:02  Extractor  
  124  20:03  Zerg Flyer Armor Level 1, Extractor  
  122  20:08  Tunneling Claws  
  122  20:17  Corruptor x2  
  110  20:37  Zergling x26  
  108  20:45  Baneling x10  
  108  20:47  Drone  
  38  21:37  Hatchery  
  45  21:47  Roach x3  
Show
View Real Time Build Order
Export as new Build Order

NotMaru Terran 

Build Orders:  

Get SALT Encoding   

  12  0:00  SCV  
  13  0:13  SCV  
  14  0:18  Supply Depot  
  14  0:25  SCV  
  15  0:41  Barracks  
  15  0:42  Refinery  
  15  0:46  SCV  
  16  0:58  SCV  
  17  1:11  SCV  
  17  1:13  Refinery  
  18  1:26  SCV  
  19  1:41  Orbital Command  
  19  1:44  Barracks Reactor  
  19  1:51  Factory  
  19  1:57  Supply Depot  
  19  2:07  SCV  
  20  2:34  Barracks Tech Lab, Command Center  
  20  2:38  SCV  
  22  2:44  Hellion  
  22  2:51  Hellion  
  24  3:00  SCV  
  27  3:05  Hellion  
  29  3:13  Hellion  
  29  3:17  Supply Depot  
  29  3:26  SCV  
  30  3:38  SCV  
  30  3:39  Hellion  
  33  3:43  Armory  
  25  4:14  Hellion x2  
  25  4:15  Marauder  
  31  4:20  Barracks  
  31  4:21  SCV  
  32  4:29  Orbital Command  
  32  4:35  Hellion x2  
  36  4:40  Marauder  
  36  4:41  Concussive Shells  
  38  4:46  Terran Vehicle Weapons Level 1  
  38  4:54  SCV  
  38  4:56  Engineering Bay  
  39  5:02  Marine  
  39  5:04  Widow Mine x2  
  44  5:09  Barracks Reactor  
  44  5:13  Starport  
  44  5:15  SCV  
  45  5:21  SCV  
  45  5:27  SCV  
  47  5:37  Marine  
  48  5:55  Terran Infantry Weapons Level 1, Starport Tech Lab  
  48  5:58  SCV x2  
  48  5:59  Command Center  
  50  6:10  SCV x2  
  52  6:15  Raven  
  54  6:25  Missile Turret  
  54  6:45  Command Center  
  54  6:47  Factory  
  54  6:48  Engineering Bay  
  54  6:50  Terran Vehicle And Ship Armor Level 1  
  54  6:59  Supply Depot  
  54  7:02  Supply Depot  
  54  7:11  Marine x3, Widow Mine x2, SCV x2  
  54  7:15  Orbital Command  
  63  7:16  Terran Infantry Armor Level 1  
  63  7:23  Starport, SCV  
  63  7:26  Medivac  
  63  7:29  Marine x3  
  69  7:30  Supply Depot  
  69  7:31  SCV  
  69  7:35  Refinery  
  70  7:46  Marine x3  
  73  7:53  Factory Tech Lab  
  73  7:59  Orbital Command  
  73  8:04  Marine x3  
  76  8:08  Starport Reactor  
  76  8:22  Marine x3  
  79  8:30  Orbital Command  
  79  8:40  Marine x3  
  82  8:44  Terran Infantry Weapons Level 2  
  82  8:45  Medivac x3  
  82  8:48  Supply Depot  
  88  8:57  SCV x3  
  88  8:58  Marine x3  
  94  9:02  Orbital Command  
  94  9:06  Stimpack  
  94  9:09  SCV  
  95  9:11  Armory  
  95  9:15  Medivac, Marine x2  
  63  11:24  Marine  
  63  11:30  Siege Tank  
  63  11:31  Widow Mine x2  
  68  11:42  Marine  
  68  11:45  Marine x2  
  68  11:46  Terran Infantry Armor Level 2, Terran Infantry Weapons Level 3  
  66  11:48  Command Center  
  66  12:00  Marine  
  67  12:02  Siege Tank  
  67  12:05  Marine x2  
  67  12:06  Command Center  
  71  12:18  Marine  
  72  12:23  Marine x2  
  72  12:35  Marine  
  67  12:40  Marine x2  
  69  12:53  Marine  
  69  12:56  Liberator x2  
  65  12:58  Marine  
  64  13:09  Marine  
  64  13:10  Orbital Command, Siege Tank  
  64  13:11  Marine, Widow Mine x2  
  75  13:53  Orbital Command  
  75  13:57  Siege Tank  
  59  14:12  Marine  
  59  14:13  Marine x2  
  52  14:17  Viking x2  
  52  14:18  Viking  
  52  14:20  Widow Mine x2  
  62  14:29  Siege Tank  
  62  14:30  Marine x2  
  62  14:31  Marine  
  68  14:35  SCV  
  69  14:47  SCV  
  69  14:48  Marine x3  
  73  14:59  Orbital Command  
  73  15:06  Marine x2  
  75  15:19  SCV x3  
  78  15:22  Missile Turret  
  78  15:23  Missile Turret  
  78  15:36  Refinery  
  78  15:41  SCV x3  
  78  15:42  Refinery  
  81  15:45  Refinery  
  81  15:46  Missile Turret  
  81  15:55  Marine x2  
  83  15:59  Terran Infantry Armor Level 3  
  83  16:00  Terran Vehicle And Ship Armor Level 2  
  83  16:01  Terran Ship Weapons Level 1  
  83  16:04  Hi-Sec Auto Tracking  
  83  16:06  Marine  
  83  16:09  Widow Mine  
  83  16:10  Supply Depot  
  86  16:12  Supply Depot  
  86  16:13  Marine x2  
  88  16:20  Orbital Command  
  88  16:23  SCV x2  
  88  16:24  Marine  
  91  16:31  Marine x2, Siege Tank  
  96  16:42  Marine  
  68  17:21  Medivac x2  
  68  17:22  Marine x3, Siege Tank  
  74  17:31  Orbital Command  
  74  17:38  Orbital Command  
  74  17:40  Marine  
  74  17:44  Marine x2  
  76  17:45  Widow Mine x2  
  81  17:58  Marine  
  82  18:01  Marine  
  83  18:35  SCV  
  83  18:36  SCV x2  
  86  18:41  Liberator x3  
  69  18:54  Marine x3  
  74  19:12  Marine  
  74  19:16  Orbital Command  
  164  19:24  Liberator  
  75  19:31  SCV  
  75  19:32  SCV  
  75  19:37  Marine x3  
  83  19:50  Refinery x2  
  83  19:54  Barracks  
  83  19:55  Marine x2  
  83  19:57  Barracks x2  
  83  19:59  Barracks  
  85  20:01  Marine  
  85  20:03  Siege Tank  
  85  20:05  Widow Mine x2  
  93  20:07  Viking x2  
  93  20:13  Marine x2  
  99  20:15  SCV  
  99  20:19  Marine  
  99  20:26  Widow Mine  
  97  20:31  Marine x2  
  99  20:37  Marine  
  99  20:38  Missile Turret  
  99  20:39  Missile Turret  
  100  20:47  Barracks Reactor  
  100  20:49  Starport  
  100  20:50  Barracks Reactor x3  
  100  20:53  Supply Depot  
  97  21:09  Marine  
  97  21:10  Marine x2  
  99  21:12  Liberator x3  
  94  21:27  Marine x2  
  94  21:30  Marine, Orbital Command  
  105  21:37  Marine x5  
  105  21:39  Starport Reactor  
  110  21:42  Supply Depot x2  
  110  21:45  Marine x2  
  112  21:48  Marine  
Show
View Real Time Build Order
Export as new Build Order

ScubaSteve Terran 

Build Orders:  

Get SALT Encoding   

  12  0:01  SCV  
  13  0:14  SCV  
  14  0:19  Supply Depot  
  14  0:26  SCV  
  15  0:41  SCV  
  15  0:42  Barracks  
  16  0:46  Refinery  
  16  0:54  SCV  
  17  1:06  SCV  
  18  1:20  SCV  
  19  1:31  Reaper  
  19  1:32  Orbital Command  
  20  1:43  Supply Depot  
  20  1:44  Refinery  
  20  1:58  SCV  
  21  2:04  Barracks  
  21  2:06  Barracks Reactor  
  21  2:11  SCV  
  22  2:23  SCV  
  23  2:34  Command Center  
  23  2:39  SCV  
  23  2:42  Factory  
  24  2:51  Marine x2, SCV  
  26  2:54  Barracks Tech Lab  
  26  3:08  Marine  
  27  3:17  Marine  
  27  3:18  Marine  
  29  3:20  Stimpack, SCV  
  30  3:28  Marine  
  30  3:29  Starport  
  31  3:40  Supply Depot  
  31  3:42  Factory Reactor  
  31  4:01  Orbital Command, Marine x3, SCV  
  35  4:13  SCV  
  36  4:19  Marine  
  36  4:21  Marine x2  
  39  4:26  Medivac x2, SCV  
  39  4:27  Factory Tech Lab  
  39  4:28  SCV  
  45  4:33  Engineering Bay  
  45  4:34  Engineering Bay  
  45  4:37  Marine  
  46  4:44  SCV x2  
  46  4:45  Barracks  
  48  4:52  Marine  
  48  4:53  Marine  
  50  5:02  Marine  
  50  5:04  SCV x2  
  53  5:10  Marine  
  53  5:12  Missile Turret  
  54  5:14  Bunker, Missile Turret  
  54  5:16  Terran Infantry Weapons Level 1, Terran Infantry Armor Level 1  
  54  5:27  Combat Shield  
  54  5:41  SCV  
  54  5:49  Command Center  
  54  6:01  Marine, SCV  
  54  6:07  SCV  
  52  6:13  SCV  
  52  6:14  Marine  
  52  6:15  Marine  
  53  6:19  SCV  
  53  6:21  Marauder  
  53  6:25  Marine, SCV  
  45  6:26  Siege Tank  
  45  6:30  Refinery x2  
  45  6:31  SCV  
  45  6:32  Marine  
  50  6:35  Barracks  
  50  6:36  Barracks  
  50  6:37  Factory  
  50  6:38  SCV  
  52  6:42  Marauder  
  52  6:46  Armory  
  54  6:48  Barracks Tech Lab  
  54  6:50  Supply Depot  
  54  6:51  Supply Depot  
  54  7:00  Marine x2  
  54  7:01  SCV x2  
  58  7:03  Medivac, Siege Tank  
  58  7:04  Marauder  
  65  7:13  SCV x2  
  67  7:17  Ghost Academy  
  67  7:18  Marine x2, Supply Depot  
  67  7:21  Marine  
  67  7:22  Factory Tech Lab  
  70  7:25  SCV  
  70  7:27  Barracks Tech Lab  
  70  7:28  Barracks Reactor  
  71  7:35  Orbital Command  
  71  7:37  SCV  
  72  7:40  Marine  
  73  7:45  Marine x2  
  73  7:47  SCV  
  73  7:50  Supply Depot  
  76  7:55  Orbital Command, SCV  
  76  7:57  Medivac  
  79  8:02  Sensor Tower  
  79  8:07  Starport  
  79  8:16  SCV x2  
  81  8:20  Marauder, Marine x3  
  81  8:21  Siege Tank x2  
  81  8:23  SCV  
  93  8:27  Concussive Shells  
  93  8:32  Medivac x2  
  97  8:43  SCV x2  
  97  8:48  Marine, SCV  
  100  8:49  Refinery  
  101  8:57  Supply Depot x2  
  101  9:13  Marine  
  101  9:14  Marine  
  101  9:15  Marine  
  101  9:16  Marine  
  101  9:18  Marauder x2, SCV x3  
  101  9:22  Supply Depot  
  101  9:24  Supply Depot  
  108  9:31  Marine x2  
  108  9:32  Marine, Siege Tank x2  
  117  9:39  Supply Depot  
  117  9:43  Medivac  
  117  9:44  Marauder x2  
  117  9:45  SCV x3  
  126  9:46  Marine x2  
  126  9:49  Marine  
  126  9:51  Terran Infantry Weapons Level 2  
  129  9:58  Marine x2  
  131  10:04  Siege Tank  
  131  10:05  Marauder x2  
  138  10:12  Marine x3  
  141  10:26  Supply Depot  
  141  10:28  Supply Depot  
  141  10:36  Marauder, Marine  
  141  10:37  Marine  
  141  10:38  SCV  
  141  10:39  Marine, SCV x2  
  141  10:40  Medivac  
  141  10:41  Marauder  
  141  10:42  Medivac  
  136  10:46  Marine x2  
  127  10:50  SCV  
  127  10:51  SCV x2  
  127  10:54  Marine  
  127  10:55  Marine  
  127  10:58  Marauder x2  
  127  11:02  Marine  
  119  11:05  Marine x2  
  119  11:09  Siege Tank x2  
  119  11:10  Medivac  
  116  11:12  Marine, SCV x3  
  116  11:13  Marine  
  115  11:19  Marauder x2  
  115  11:20  Starport Tech Lab  
  115  11:21  Marauder  
  115  11:23  Marine x2  
  115  11:24  SCV x2  
  125  11:30  Marine, SCV  
  125  11:31  Marine  
  128  11:35  Supply Depot  
  128  11:36  SCV x2  
  128  11:37  Viking  
  132  11:40  Marauder  
  132  11:41  Marauder, Marine x2  
  132  11:42  Marauder, SCV  
  141  11:47  Marine  
  141  11:48  SCV  
  141  11:49  Marine  
  137  11:59  Marine  
  137  12:00  Marine  
  107  12:01  Marine  
  107  12:02  Marauder  
  107  12:03  Marauder  
  107  12:05  Marine  
  107  12:07  Marine  
  93  12:12  SCV x2  
  95  12:16  Marine  
  95  12:18  Marine  
  95  12:20  Marauder  
  98  12:23  Marauder, Marine  
  98  12:24  Marine  
  98  12:25  Orbital Command  
  69  12:42  Marine x3  
  69  12:43  Marine  
  75  12:46  Orbital Command, Siege Tank x2  
  83  12:53  Unknown, Marauder  
  83  12:55  SCV x2  
  87  13:00  Marine x2  
  87  13:01  Terran Infantry Weapons Level 3  
  89  13:07  SCV x2  
  89  13:09  Unknown  
  89  13:10  Marauder  
  89  13:12  Marine x2  
  95  13:13  Unknown, Marauder  
  95  13:14  SCV  
  95  13:19  SCV  
  96  13:26  Supply Depot  
  96  13:28  Supply Depot  
  96  13:31  SCV x2  
  98  13:43  Marine x3  
  98  13:44  Marauder  
  98  13:45  SCV x2  
  105  14:00  Marine x2  
  105  14:01  Marauder, Siege Tank x2  
  115  14:05  SCV x2  
  115  14:06  SCV  
  113  14:15  Marauder, Marine x2  
  98  14:17  Marine  
  98  14:19  Marine  
  98  14:21  SCV x2  
  98  14:22  Marine  
  101  14:25  SCV  
  101  14:29  Viking  
  104  14:32  Marine  
  104  14:33  Marine  
  104  14:37  SCV  
  107  14:42  Command Center  
  107  14:44  Sensor Tower  
  107  14:46  Refinery  
  107  14:47  Unknown  
  107  14:48  Starport, Refinery, SCV x2  
  109  14:54  Marauder, Marine x3, Factory  
  109  14:58  Barracks, Marauder, Marine x2  
  109  14:59  Siege Tank x2  
  122  15:00  Barracks  
  122  15:06  Viking x2  
  126  15:11  Marine  
  126  15:12  Marine  
  128  15:39  Orbital Command  
  128  15:43  Factory Tech Lab  
  128  15:54  Marauder x2, Marine x3, Viking  
  128  15:55  SCV  
  138  16:03  Marine x2  
  140  16:07  SCV  
  141  16:18  Orbital Command  
  141  16:27  Barracks Tech Lab  
  141  16:28  Sensor Tower, Barracks Reactor  
  141  16:55  Supply Depot  
  141  16:56  Supply Depot  
  141  16:57  Supply Depot  
  141  17:17  Siege Tank, Marauder x2, Marine x4, SCV x3, Viking  
  141  17:18  Marine x4, Viking x2  
  141  17:22  Siege Tank  
  164  17:29  SCV  
  165  17:48  Starport Reactor  
  165  17:53  Terran Infantry Armor Level 2  
  165  18:05  Refinery x2  
  165  18:15  Command Center  
  165  18:35  Ghost Academy x2  
  165  18:41  Marine  
  165  18:42  Marine x2  
  165  18:43  Marine  
  165  18:44  Marauder, Viking  
  165  18:45  SCV  
  165  18:49  SCV  
  165  18:51  Marine, Viking, SCV  
  165  18:52  Marine  
  165  18:53  Marauder  
  165  18:54  Marine  
  165  18:55  Siege Tank  
  165  18:58  Viking  
  165  18:59  Marauder  
  165  19:00  Marauder, Marine x2  
  165  19:01  Marine  
  159  19:05  Marauder  
  159  19:08  Siege Tank  
  159  19:09  Marine, Siege Tank  
  146  19:10  Marine  
  146  19:12  Marine  
  146  19:13  Orbital Command  
  146  19:14  Marauder, Viking  
  147  19:18  Marine x2  
  147  19:19  Marine  
  147  19:20  Marauder  
  147  19:21  Marauder, Viking  
  153  19:27  Marauder, Marine, Siege Tank  
  153  19:28  Marine  
  153  19:30  Marine  
  161  19:31  Medivac  
  161  19:34  SCV x2  
  161  19:35  Marine  
  161  19:36  Marauder, Marine x2  
  164  19:41  Marauder  
  164  19:43  Marauder  
  164  19:44  Medivac, Marine  
  171  19:46  SCV  
  172  19:55  Factory Tech Lab  
  172  20:00  Command Center, Planetary Fortress  
  172  20:06  Marauder, Marine x6, SCV x2  
  188  20:07  Marauder x3  
  188  20:19  Medivac x3  
  194  20:38  Marine  
  194  20:39  Marauder, Marine x2  
  193  20:45  Marine x2  
  195  20:51  Supply Depot  
  195  20:52  Supply Depot  
  195  20:56  Refinery  
  195  20:57  Refinery  
  195  21:01  Thor  
  181  21:37  Supply Depot  
  176  22:02  Supply Depot  
  176  22:03  Supply Depot  
  176  22:05  Supply Depot  
Tags
 
Add a new tag
Caveats
  • Supply blocks, unpowered buildings, or Contaminate may cause inaccurate times.
  • Supply counts are checked every 10 seconds.